[Event "Early-Titled-Tuesday-Blitz-April-23-2024"]
[Site "Chess.com"]
[Date "2024.04.23"]
[Round "4"]
[White "Eliwood44"]
[Black "Kildepiotr"]
[Result "0-1"]
[WhiteElo "2479"]
[BlackElo "2702"]
[TimeControl "180+1"]
[EndTime "8:41:11 PDT"]
[Termination "Kildepiotr won by resignation"]

1. d4 c5 2. d5 e5 3. Nc3 d6 4. e4 Be7 5. Nf3 a6 6. Nd2 Bg5 7. a4 Ne7 8. Nc4 Bxc1 9. Qxc1 Ng6 10. a5 O-O 11. h4 f5 12. h5 Ne7 13. Bd3 f4 14.
Qd2 Qc7 15. g3 Nd7 16. gxf4 Rxf4 17. Ne2 Rf7 18. Rg1 b5 19. axb6 Nxb6 20. Qa5 Rb8 21. Ng3 Kh8 22. b3 Ng8 23. Nxb6 Rxb6 24. Nf5 Bxf5 25.
exf5 Qb8 26. Kd2 Ne7 27. h6 gxh6 28. Ra4 Nxf5 29. Rag4 Ng7 30. Kd1 Rbb7 31. Qd2 h5 32.
R4g2 Rf6 33. Qg5 Qf8 34. Qh4 Rbf7 35. Ke1 Rf4 36. Qh2 e4 37. Bxa6 Ra7 38. Be2 Ra1+ 39. Kd2 Rxg1 40. Qxg1 Qf6 41. Qh2 Qd4+ 42. Kc1 e3 43.
fxe3 Qxe3+ 44. Kb1 Qe5 45. Qg3 Re4 46. Qf3 Rf4 47. Qg3 Rf7 48. Bxh5 Qxg3 49. Rxg3 Nxh5 50. Rg5 Nf6 51. Rf5 Kg7 52. c4 Nd7 53. Rg5+ Kf6 54. Rg1 Ne5 55. Rh1 Kg7 56. Kc2 h6 57. Rg1+ Kh7 58.
Ra1 h5 59. Ra6 Rf6 60. Ra7+ Kg6 61. Ra1 h4 62. Rg1+ Kh5 63. Kc3 Rg6 64. Rf1 h3 65. Rf8 Kh4 66. Rh8+ Kg3 67. b4 cxb4+ 68. Kxb4 h2 69.
c5 Nd3+ 70. Kb5 Nxc5 71. Kc6 Ne4 72. Rh5 Nf2 73. Rxh2 Kxh2 0-1

[Event "Early-Titled-Tuesday-Blitz-April-23-2024"]
[Site "Chess.com"]
[Date "2024.04.23"]
[Round "4"]
[White "Suleyman_Chess06"]
[Black "wannabe2700"]
[Result "1-0"]
[WhiteElo "2835"]
[BlackElo "2605"]
[TimeControl "180+1"]
[EndTime "8:41:13 PDT"]
[Termination "Suleyman_Chess06 won by resignation"]

1. Nf3 f5 2. g3 Nf6 3. c4 g6 4. Bg2 Bg7 5. O-O O-O 6. d4 d6 7. Nc3 c6 8. Re1 Na6 9. e4 fxe4 10. Nxe4 Nxe4 11. Rxe4 Bf5 12. Re1 e5 13. Be3 Bg4 14. dxe5 Bxe5 15. h3 Bxf3 16. Bxf3 Qf6 17. Kg2 Bxb2 18.
Rb1 Bc3 19. Rf1 Rf7 20. Be2 Nc5 21. Qc2 Bd4 22. Bxd4 Qxd4 23. Rbd1 Qe4+ 24. Qxe4 Nxe4 25. Bf3 Ng5 26. Bg4 Rf6 27. h4 Nf7 28. f4 Re8 29. Rfe1 Kf8 30. Rb1 Rxe1 31. Rxe1 Nd8 32. Bd7 Kg7 33. Re8 Rf8 34. Re2 Nf7 35. Re7 Kf6 36.
Re6+ Kg7 37. g4 Rd8 38. Be8 Kf8 39. Bxf7 Kxf7 40. Re3 d5 41. cxd5 Rxd5 42. Rb3 b6 43. Kf3 c5 44. Ke4 Ke6 45. Re3 c4 46. Ra3 a5 47.
Rc3 b5 48. a4 Rd3 49. Rc1 Kd6 50. axb5 Kc5 51. f5 Rd4+ 52. Ke5 Rxg4 53. f6 Rxh4 54. Rf1 Rd4 55. f7 Rd8 56. f8=Q+ Rxf8 57. Rxf8 h5 58. Rb8 h4 59. b6 g5 60. b7 Kb6 61.
Rg8 Kxb7 62. Kd4 1-0

[Event "Early-Titled-Tuesday-Blitz-April-23-2024"]
[Site "Chess.com"]
[Date "2024.04.23"]
[Round "4"]
[White "PonyQueen07"]
[Black "kuchma777"]
[Result "0-1"]
[WhiteElo "2206"]
[BlackElo "2481"]
[TimeControl "180+1"]
[EndTime "8:41:13 PDT"]
[Termination "kuchma777 won by checkmate"]

1. c4 e5 2. Nc3 Nf6 3. g3 Bb4 4. Bg2 O-O 5. Nf3 Re8 6. O-O Nc6 7. d3 d6 8. Bg5 h6 9. Bxf6 Qxf6 10. Nd5 Qd8 11. a3 Bc5 12. e3 Be6 13. Nc3 a5 14. d4 exd4 15. exd4 Bxc4 16. dxc5 Bxf1 17. Qxf1 dxc5 18.
Rd1 Qc8 19. Qc4 b6 20. Nh4 Ne5 21. Qf1 Rb8 22. Bh3 Qb7 23. Bg2 Qc8 24. Bh3 Qb7 25.
f4 Ng6 26. Nxg6 fxg6 27. Qc4+ Kh7 28. f5 Qf3 29. fxg6+ Kh8 30. Rf1 Qe3+ 31. Kh1 Rf8 32. Nd5 Rxf1+ 33. Qxf1 Qe4+ 34. Bg2 Qxg6 35. Ne7 Qe6 36.
Nf5 Rf8 37. g4 g6 38. Qc1 gxf5 39. Qc3+ Qf6 40. Qxf6+ Rxf6 41. gxf5 Rxf5 42. Bc6 Rf2 43. b3 Kg7 44. a4 Rb2 45. Bd5 Kf6 46. Bc4 Ke5 47. Kg1 Kd4 48. h4 Rc2 49. Bf7 Ke3 50. h5 Kf3 51. Bd5+ Kg3 52. Kf1 Rf2+ 53. Ke1 Rf5 54. Bc4 Rxh5 55. Kd2 Rf5 56. Ke3 h5 57. Ke4 Rf4+ 58. Kd5 h4 59. Kc6 Rf6+ 60. Kxc7 h3 61. Bd5 h2 62. Kb7 Kf2 63. Ka6 Kg1 64. Kb5 h1=Q 65.
Bxh1 Kxh1 66. Kc4 Kg2 67. Kb5 Kf3 68. Kc4 Rf4+ 69. Kb5 Rb4+ 70. Kc6 Rxb3 71. Kb7 c4 72. Ka6 c3 73. Kb7 c2 74. Ka6 c1=Q 75. Kb7 b5 76.
Ka6 bxa4 77. Ka7 a3 78. Ka6 a2 79. Ka7 a4 80. Ka6 a3 81. Ka7 a1=Q 82. Ka6 a2 83. Ka7 Qab1 84. Ka6 a1=Q# 0-1

[Event "Early-Titled-Tuesday-Blitz-April-23-2024"]
[Site "Chess.com"]
[Date "2024.04.23"]
[Round "4"]
[White "Tagir45"]
[Black "DanielNaroditsky"]
[Result "1-0"]
[WhiteElo "2661"]
[BlackElo "3010"]
[TimeControl "180+1"]
[EndTime "8:41:15 PDT"]
[Termination "Tagir45 won by checkmate"]

1. d4 Nf6 2. c4 g6 3. Nc3 Bg7 4. e4 d6 5. Nf3 O-O 6. Be2 Na6 7.
O-O e5 8. Be3 Qe7 9. dxe5 dxe5 10.
Nd5 Qd8 11. Qc2 Ng4 12. Bg5 f6 13. Bd2 c6 14. Ne3 Nh6 15. b4 Nf7 16. Rfd1 Qe7 17. Rab1 Nc7 18. c5 Be6 19. Nc4 f5 20. Nd6 fxe4 21.
Nxe4 Nd5 22. Nfg5 Nxg5 23. Bxg5 Qf7 24. Bc4 Bf5 25. Qe2 Kh8 26. Nd6 Qg8 27. Rb3 Be6 28. Bxd5 Bxd5 29. Rh3 Qe6 30. a3 a5 31. b5 h5 32. b6 Kg8 33. Nxb7 Bc4 34. Qe1 e4 35. Nd6 Bd5 36. Be3 Be5 37. Rg3 Bxg3 38. hxg3 Kh7 39. Qc3 Rad8 40. Rb1 a4 41. Qa5 Ra8 42. Qc3 Bb3 43.
Qd4 Rad8 44. Rc1 Rf5 45. Nxf5 Rxd4 46. Nxd4 Qd7 47. Rb1 g5 48. Kh2 Qf7 49. Nxc6 h4 50. Nd4 hxg3+ 51. fxg3 Ba2 52. Rb2 Qh5+ 53. Kg1 Qd1+ 54.
Kh2 Bd5 55. b7 Bxb7 56. Rxb7+ Kg6 57. c6 Qh5+ 58. Kg1 Qd1+ 59. Kf2 Qa1 60. c7 Qa2+ 61. Kg1 Qc4 62. Rb6+ Kh5 63. Rc6 Qd3 64. c8=Q Qxe3+ 65. Kh2 Qxd4 66. Qe8+ Kg4 67. Qe6+ Kh5 68. Qh3# 1-0

[Event "Early-Titled-Tuesday-Blitz-April-23-2024"]
[Site "Chess.com"]
[Date "2024.04.23"]
[Round "4"]
[White "Hope_6"]
[Black "Gryffindorac8"]
[Result "1/2-1/2"]
[WhiteElo "2674"]
[BlackElo "2445"]
[TimeControl "180+1"]
[EndTime "8:41:15 PDT"]
[Termination "Game drawn by agreement"]

1. d4 Nf6 2. c4 c5 3. d5 b5 4. cxb5 a6 5. bxa6 Bxa6 6. Nc3 d6 7. e4 Bxf1 8. Kxf1 g6 9. g3 Bg7 10. Kg2 O-O 11. Nf3 Nbd7 12. Qe2 Qa5 13. Bd2 Rfb8 14.
Rhb1 Qa6 15. Qe1 Ng4 16. a4 Rb3 17. h3 Nge5 18. Nxe5 Nxe5 19. Qd1 c4 20. Nb5 Rb8 21. Qc2 Qc8 22. Ra3 Rxa3 23. Nxa3 Qa6 24. Nb5 Rc8 25. b3 cxb3 26. Qxb3 Rc4 27. f4 Rxe4 28. Be1 Nc4 29. Rc1 Ne3+ 30. Kf3 f5 31. Bd2 Qxa4 32. Qxa4 Rxa4 33. Bxe3 Kf7 34. Rc7 Kf8 35. Rc8+ Kf7 36.
Rc7 Kf8 37. Rc6 Ra5 38. Nc7 Bf6 39. Ne6+ Kf7 40. Nc7 Bg7 41. Rc2 Ra3 42. Rc1 Bd4 43. Re1 Bb6 44. Ne6 Bxe3 45. Rxe3 Ra5 46. Rd3 Rc5 47.
Nd8+ Ke8 48. Ne6 Rb5 49. g4 Ra5 50. gxf5 gxf5 51. h4 Kf7 52. Ke3 Rb5 53. Nd8+ Kf6 54. Ne6 Ra5 55. Kf3 Ra4 56. Kg3 Ra5 57. h5 Ra1 58. Kh4 Rh1+ 59. Rh3 Rd1 60. Nc7 Rc1 61. Ne6 Rd1 62. Nc7 Rc1 63. Ne8+ Kf7 64. Nxd6+ exd6 65. Rd3 Rc5 66. Kg5 1/2-1/2

[Event "Early-Titled-Tuesday-Blitz-April-23-2024"]
[Site "Chess.com"]
[Date "2024.04.23"]
[Round "4"]
[White "gpsji27"]
[Black "ahmedkandiliii"]
[Result "1/2-1/2"]
[WhiteElo "2322"]
[BlackElo "2522"]
[TimeControl "180+1"]
[EndTime "8:41:15 PDT"]
[Termination "Game drawn by agreement"]

1. d4 Nf6 2. Nf3 g6 3. Nc3 d5 4. Bg5 Bg7 5. e3 O-O 6. Be2 Ne4 7. Nxe4 dxe4 8. Nd2 c5 9. c3 Bf5 10. g4 Be6 11.
Nxe4 Bd5 12. Bf3 h6 13. Bf4 cxd4 14. exd4 Nc6 15. Nd2 e5 16. dxe5 Nxe5 17. Bxd5 Qxd5 18. O-O Nd3 19. Bg3 Nxb2 20. Qc2 Nc4 21. Rad1 Rac8 22.
Nxc4 Qxc4 23. Rd7 Qxg4 24. Rxb7 h5 25. Qd1 Qe4 26. Rb4 Qf5 27. Rf4 Qg5 28. h4 Qe7 29.
Re1 Qc5 30. c4 Rcd8 31. Qe2 Rd4 32. Re4 Rxe4 33. Qxe4 Rc8 34. Rc1 a5 35. Bf4 a4 36.
Qd5 Qxd5 37. cxd5 Rxc1+ 38. Bxc1 Kf8 39. Kg2 Ke7 40. Ba3+ Kd7 41. Kf3 Bf6 42. Kg3 Be7 43. Bb2 Bc5 44. f3 Kd6 45. Kf4 Kxd5 46. Kg5 Be7+ 47. Bf6 Ke6 48. Bxe7 Kxe7 49. f4 Ke6 50. a3 Ke7 51. f5 gxf5 52. Kxf5 f6 53. Kg6 Ke6 54.
Kxh5 Kf5 55. Kh6 Kg4 56. h5 f5 57. Kg6 f4 58. h6 f3 59. h7 f2 60. h8=Q f1=Q 61.
Qh5+ Kg3 62. Qg5+ Kf2 63. Qf5+ Ke1 64. Qxf1+ Kxf1 65. Kf5 Ke2 66. Ke4 Kd2 67. Kd4 Kc2 68.
Kc4 Kd2 69. Kb4 Kd3 70. Kxa4 Kc4 71. Ka5 Kc5 72. a4 Kc6 73. Ka6 1/2-1/2

[Event "Early-Titled-Tuesday-Blitz-April-23-2024"]
[Site "Chess.com"]
[Date "2024.04.23"]
[Round "4"]
[White "Larkin-Vladislav"]
[Black "andriipalchuk"]
[Result "1-0"]
[WhiteElo "2887"]
[BlackElo "2614"]
[TimeControl "180+1"]
[EndTime "8:41:16 PDT"]
[Termination "Larkin-Vladislav won on time"]

1. d4 Nf6 2. Nf3 d5 3. Bf4 c5 4. e3 cxd4 5. exd4 Nc6 6. c3 Bf5 7.
Qb3 Qc8 8. Nbd2 e6 9. h3 Be7 10. a4 b6 11. Ne5 O-O 12. Nxc6 Qxc6 13. Bb5 Qb7 14. O-O Rfc8 15. Be2 a6 16. Rfe1 h6 17. Nf3 Ne4 18. Ne5 Bd6 19. f3 Nf6 20. g4 Bh7 21. Kg2 Qc7 22. Bf1 Ne8 23. Be3 Be7 24. Nd3 Nd6 25. Bf4 Qb7 26. Ne5 b5 27. Bg3 Nc4 28.
axb5 Qxb5 29. Qxb5 axb5 30. Nd3 Ra4 31. b3 Rxa1 32.
Rxa1 Nd2 33. Nc5 Bxc5 34. dxc5 Nxf1 35. Kxf1 Bd3+ 36. Ke1 Rxc5 37. Be5 f6 38. Bd4 Rc6 39. f4 e5 40. fxe5 fxe5 41. Bxe5 Re6 42. Kd2 Rxe5 43. Kxd3 Re6 44. Ra5 Rb6 45. Kd4 Kf7 46. b4 Ke6 47. Kc5 Rb7 48. Rxb5 Rc7+ 49. Kd4 Rc4+ 50. Kd3 h5 51.
Rb6+ Ke5 52. Rg6 hxg4 53. hxg4 Rf4 54. Rxg7 Rf3+ 55. Kc2 d4 56. Rc7 Rf2+ 57. Kb3 d3 58. Rd7 Ke4 59. g5 Rg2 60. Kc4 Rg3 61. Rd4+ 1-0

[Event "Early-Titled-Tuesday-Blitz-April-23-2024"]
[Site "Chess.com"]
[Date "2024.04.23"]
[Round "4"]
[White "ravengelic"]
[Black "xxysoul6"]
[Result "1-0"]
[WhiteElo "2658"]
[BlackElo "2978"]
[TimeControl "180+1"]
[EndTime "8:41:25 PDT"]
[Termination "ravengelic won by resignation"]

1. d4 Nf6 2. Bf4 e6 3. e3 b6 4. Nf3 Bb7 5. h3 Bd6 6. Bxd6 cxd6 7. Nbd2 Nc6 8. Be2 O-O 9. O-O Ne7 10. c3 Qc7 11. Qb3 Rfc8 12. Qa3 h6 13. Rfe1 a5 14. Nc4 Nf5 15. Ncd2 Bc6 16. c4 Ne4 17. Nxe4 Bxe4 18.
Rac1 Qb7 19. Red1 Rab8 20. Ne1 Qc7 21. f3 Ng3 22. Kf2 Nxe2 23. Kxe2 Bg6 24. Kf2 d5 25. b3 dxc4 26. Rxc4 Qb7 27. Rdc1 d5 28. R4c3 h5 29. h4 Rxc3 30. Rxc3 Rc8 31. Qc1 Rxc3 32.
Qxc3 Qa6 33. a4 b5 34. axb5 Qxb5 35. g3 Bb1 36. Qb2 Bf5 37. Qc3 Bh3 38. Nd3 f6 39. e4 dxe4 40. fxe4 Kh7 41. Nf4 Qf1+ 42. Ke3 Bg4 43. e5 fxe5 44. dxe5 Qf3+ 45. Kd4 Qf2+ 46. Kc4 Qb6 47. Qd3+ Bf5 48. Qd6 Qe3 49. Nxe6 Qc1+ 50. Kb5 Qc8 51. Ng5+ Kh8 52. Nf7+ Kh7 53. Ng5+ Kh8 54.
Kxa5 Bd7 55. Kb4 Qb7+ 56. Kc3 Kg8 57. e6 Be8 58. e7 Qc8+ 59. Kb2 Qf5 60. Qe6+ Qxe6 61.
Nxe6 Kf7 62. Nc7 Bd7 63. e8=Q+ 1-0

[Event "Early-Titled-Tuesday-Blitz-April-23-2024"]
[Site "Chess.com"]
[Date "2024.04.23"]
[Round "4"]
[White "BardArtem"]
[Black "Firouzja2003"]
[Result "0-1"]
[WhiteElo "2864"]
[BlackElo "3065"]
[TimeControl "180+1"]
[EndTime "8:41:29 PDT"]
[Termination "Firouzja2003 won by resignation"]

1. e4 c5 2. c3 Nf6 3. e5 Nd5 4. Nf3 d6 5. Bc4 e6 6. exd6 Bxd6 7. d4 cxd4 8. cxd4 O-O 9. O-O Nd7 10. Bg5 Qc7 11.
Bxd5 exd5 12. Nc3 Qa5 13. Re1 f6 14. Bd2 Qb6 15. Nxd5 Qxb2 16. Qb3 Qxb3 17. axb3 b6 18. Re6 Bb8 19. Nxb6 Nxb6 20. Rxb6 axb6 21. Rxa8 Bb7 22. Ra1 Bd5 23. b4 Bd6 24. b5 Rc8 25. Rc1 Rxc1+ 26.
Bxc1 Bc4 27. Be3 Bxb5 28. d5 Bc7 29. d6 Bd8 30. Nd4 Bd7 31. f4 Kf7 32. f5 b5 33.
Kf2 Bb6 34. g4 Bc5 35. h4 Bxd6 36. Nb3 Bc6 37. Bc5 Be5 38. Bd4 Bc7 39. Ke3 Bd5 40. Nc5 Bg3 41. h5 h6 42. Nd3 Bd6 43. Bc5 Bc7 44. Bb4 Bb3 45. Bc5 Bg3 46. Nf2 Bc2 47. Ne4 Be5 48. Nd6+ Kg8 49. Nxb5 Bd1 50. Ke4 Bxg4 51.
Bd6 Ba1 52. Bc5 Bxh5 53. Bd4 Bxd4 54. Nxd4 Kf7 55. Kf4 Bd1 56. Nb5 Ba4 57. Nd6+ Ke7 58. Ne4 Bc6 59. Ng3 Be8 60. Ne4 Bf7 61. Nf2 Kd6 62.
Ne4+ Kd5 63. Nc3+ Kd4 64. Nb5+ Kc5 65. Nc3 Be8 66. Ne4+ Kd5 67. Nc3+ Kd4 68. Ne4 h5 69.
Nd6 Bd7 70. Ne4 h4 71. Nf2 Bc8 72. Nh3 g5+ 73. fxg6 Bxh3 74. g7 Be6 0-1

[Event "Early-Titled-Tuesday-Blitz-April-23-2024"]
[Site "Chess.com"]
[Date "2024.04.23"]
[Round "4"]
[White "luckyswitchback"]
[Black "artin10862"]
[Result "1-0"]
[WhiteElo "2730"]
[BlackElo "2922"]
[TimeControl "180+1"]
[EndTime "8:41:30 PDT"]
[Termination "luckyswitchback won by resignation"]

1. e4 c5 2. Nf3 d6 3. d4 cxd4 4. Qxd4 Nf6 5. h3 Nc6 6. Qe3 e6 7. c4 a6 8. Nc3 b6 9. Be2 Be7 10. O-O O-O 11. b3 Bb7 12. Rd1 Qc7 13. Bb2 Rac8 14. Rac1 Nb8 15. a4 Nbd7 16. b4 Qb8 17. Nd2 a5 18. bxa5 bxa5 19. Nb5 Qa8 20. Ba3 Nc5 21.
f3 Rfd8 22. Nb3 Nxb3 23. Qxb3 Ne8 24. e5 Bg5 25. exd6 Bxc1 26. Rxc1 Bc6 27. c5 Nf6 28. Qe3 Nd7 29. Bb2 e5 30. Bc4 Kf8 31. f4 Bxg2 32.
fxe5 Nxc5 33. d7 Nxd7 34. e6 Qe4 35. Ba3+ Kg8 36. exf7+ Kh8 37. Qxe4 Bxe4 38. Nd6 Bg6 39. Nxc8 Rxc8 40. Rd1 Ne5 41. Be6 Ra8 42. f8=Q+ Rxf8 43. Bxf8 h6 44. Bd6 Nf3+ 45. Kf2 Ng5 46. Bg4 Kh7 47.
Bf4 Ne4+ 48. Kg1 Nc3 49. Re1 Nxa4 50. Bc7 Nb2 51. Bxa5 Nd3 52. Rf1 Ne5 53. Bc3 Nxg4 54. hxg4 Kg8 55. Re1 Kf7 56. Kf2 Bd3 57. Kg3 Bb5 58. Kf4 Kg6 59. Re6+ Kf7 60. Rb6 Bd3 61. Rb7+ Ke6 62. Rxg7 Bc2 63. Rb7 Bd3 64. Rb6+ Kf7 65.
Rxh6 Bc2 66. Rf6+ Kg8 67. g5 Kg7 68. Rc6+ Kg8 69. Rc7 Bg6 70. Ke5 Be8 71. Kf6 Bf7 72. Rxf7 1-0

[Event "Early-Titled-Tuesday-Blitz-April-23-2024"]
[Site "Chess.com"]
[Date "2024.04.23"]
[Round "4"]
[White "arenal72"]
[Black "Seochesspie"]
[Result "0-1"]
[WhiteElo "2622"]
[BlackElo "2904"]
[TimeControl "180+1"]
[EndTime "8:41:31 PDT"]
[Termination "Seochesspie won by resignation"]

1. Nf3 Nf6 2. g3 b5 3. Bg2 Bb7 4. O-O e6 5. d4 h6 6. a4 b4 7. c4 bxc3 8. bxc3 Be7 9. Ba3 O-O 10.
Ne5 Bxg2 11. Kxg2 d6 12. Nd3 Nbd7 13. Nd2 c5 14. dxc5 Nxc5 15. Nxc5 dxc5 16. Qc2 Rb8 17. e4 Qc7 18. Nc4 Nd7 19. Rab1 Nb6 20. Ne3 Qc6 21.
a5 Nd7 22. Nc4 Nf6 23. f3 Rb5 24. Ne5 Qa6 25. Qe2 Rxa5 26. Qxa6 Rxa6 27. Bc1 Rb6 28. Ra1 Ra8 29. Be3 Rb3 30. Rfc1 Bd6 31. Nc4 Bf8 32. Na5 Rb2+ 33. Kh3 Nd7 34. Nc6 a6 35. Rd1 Nb6 36. Rd8 Rxd8 37. Nxd8 Nc4 38. Bg1 Ne5 39. f4 Nf3 40. Nc6 h5 41. Rf1 Nd2 42.
Ra1 Nf3 43. Rf1 Nxg1+ 44. Rxg1 Rb6 45. Ne5 f6 46. Nc4 Rb3 47. Ra1 Rxc3 48. Nb6 Re3 49. Rxa6 Rxe4 50. Nd7 Be7 51. Ra7 Kf7 52. Nxc5 Re2 53.
Nb7 g5 54. Nd6+ Kf8 55. Ra8+ Kg7 56. Ne8+ Kg6 57. fxg5 fxg5 58. g4 Re3+ 59. Kg2 hxg4 60. Ra6 Kf7 61. Nc7 Bf6 62. Ra7 Kg6 63. Ra6 Kf5 64.
Ra5+ Be5 65. Nb5 Re2+ 66. Kf1 Rxh2 67. Nd6+ Kf4 68. Ra4+ Kg3 69. Ne4+ Kh4 70. Nf2 Kh5 71. Nxg4 Rh4 72. Nf6+ Bxf6 73. Rxh4+ Kxh4 0-1

[Event "Early-Titled-Tuesday-Blitz-April-23-2024"]
[Site "Chess.com"]
[Date "2024.04.23"]
[Round "4"]
[White "vladgoncharov"]
[Black "Naruna_Chan"]
[Result "0-1"]
[WhiteElo "2591"]
[BlackElo "2405"]
[TimeControl "180+1"]
[EndTime "8:41:31 PDT"]
[Termination "Naruna_Chan won by checkmate"]

1. d4 d5 2. c4 e6 3. Nc3 Nf6 4. cxd5 exd5 5. Bg5 c6 6. e3 Be7 7. Bd3 O-O 8. Nge2 h6 9. Bh4 Re8 10. O-O Ne4 11. Bxe7 Qxe7 12. Qc2 Nd7 13. Rae1 Ndf6 14. f3 Nxc3 15. Nxc3 Qb4 16. a3 Qb6 17. g4 Qc7 18. Qg2 c5 19. g5 hxg5 20. Qxg5 Bh3 21. Rf2 cxd4 22. Nb5 Qe5 23. Qxe5 Rxe5 24. Nxd4 Rae8 25. Rfe2 a6 26. Kf2 Rc8 27. Rg1 Kf8 28. Rc2 Rxc2+ 29. Bxc2 Re8 30. Bd3 Rc8 31. Ke2 Bd7 32. Kd2 g6 33.
Rc1 Rxc1 34. Kxc1 Ke7 35. Kd2 Ne8 36. Kc3 Nd6 37. Kb4 Kd8 38. a4 Kc7 39. a5 Bc6 40.
Kc5 Nc8 41. f4 Ne7 42. Nf3 f6 43. Nd4 f5 44. h4 Ng8 45. Nf3 Nf6 46. Ne5 Ng4 47.
Nxg6 Nxe3 48. h5 Ng4 49. Bxf5 Nh6 50. Bd3 Bd7 51. Kd4 Be6 52. Ne5 Bg4 53. Nf3 Bxf3 54. Ke5 Bxh5 55. Kf6 Bf3 56. Kg5 Nf7+ 57. Kf6 Nd6 58. f5 Be4 59. Be2 Bxf5 60. Ke5 Be4 61. Kd4 Kc6 62. b4 Nb5+ 63. Ke3 Nc3 64. Bg4 Na2 65.
Bc8 Nxb4 66. Kd4 Nc2+ 67. Kc3 b5 68. Be6 b4+ 69. Kb3 Kb5 70. Bd7+ Kxa5 71. Bc8 Kb6 72. Ka4 a5 73. Bd7 Nd4 74. Be8 Nc6 75. Bf7 Bc2# 0-1

[Event "Early-Titled-Tuesday-Blitz-April-23-2024"]
[Site "Chess.com"]
[Date "2024.04.23"]
[Round "4"]
[White "Smiechu"]
[Black "klimkoj"]
[Result "0-1"]
[WhiteElo "2471"]
[BlackElo "2919"]
[TimeControl "180+1"]
[EndTime "8:41:37 PDT"]
[Termination "klimkoj won by resignation"]

1. e4 c5 2. Nf3 d6 3. d4 cxd4 4. Nxd4 Nf6 5. Nc3 a6 6. Be3 e5 7.
Nb3 Be6 8. Qd2 Nbd7 9. O-O-O Rc8 10. f4 b5 11. f5 Bc4 12. g4 Nxg4 13. Rg1 Nxe3 14.
Qxe3 Qb6 15. Qg3 Nf6 16. Nd5 Bxd5 17. exd5 g6 18. Bd3 Nh5 19. Qf3 Bh6+ 20. Kb1 Qe3 21.
Qg4 Nf6 22. Qh4 Bg7 23. Rge1 Qb6 24. Qh3 O-O 25. fxg6 hxg6 26. Qg2 Nh5 27. h4 Nf4 28.
Qg3 a5 29. Rh1 a4 30. Nc1 Nh5 31. Qg5 a3 32. Be2 axb2 33. Nd3 e4 34. Bxh5 exd3 35.
Rxd3 Ra8 36. Bxg6 fxg6 37. Qxg6 Qf2 38. Rg1 Qf1+ 39. Rd1 Qf7 40. Qg2 Qa7 41. a3 Rf7 42. Rd3 b4 43. Rg3 bxa3 44. Ka2 Qb7 45. Rb1 Ra5 46. h5 Qxd5+ 47. Qxd5 Rxd5 48. h6 Rc5 49. hxg7 Rxg7 50. Rxa3 Rxc2 51. Rxb2 Rxb2+ 52. Kxb2 Rg2+ 53. Kc1 Kf7 54. Kd1 Ke6 55. Ra4 Ke5 56. Rb4 Kd5 57.
Ra4 Rb2 58. Rh4 Kc5 59. Rg4 d5 60. Rh4 Rg2 61. Kc1 Kb5 62. Kd1 Kc5 63. Kc1 Rg5 64.
Kd1 d4 65. Rh8 Kc4 66. Rc8+ Kd3 67. Ke1 Rg1+ 68. Kf2 Ra1 69. Rb8 Ra2+ 70. Ke1 Ra1+ 71.
Kf2 Kc2 72. Ke2 d3+ 73. Ke3 Re1+ 74. Kf2 d2 75. Rc8+ Kb3 76. Rb8+ Kc4 77. Rc8+ Kb5 78. Rb8+ Kc6 79. Rd8 d1=Q 0-1

[Event "Early-Titled-Tuesday-Blitz-April-23-2024"]
[Site "Chess.com"]
[Date "2024.04.23"]
[Round "4"]
[White "Fh2411"]
[Black "blitzking1729"]
[Result "1/2-1/2"]
[WhiteElo "2569"]
[BlackElo "2758"]
[TimeControl "180+1"]
[EndTime "8:41:37 PDT"]
[Termination "Game drawn by repetition"]

1. d4 d6 2. Nf3 g6 3. Bf4 Bg7 4. e3 Nd7 5. h3 e5 6. Bh2 Nh6 7. c3 O-O 8. Bc4 Qe7 9. O-O e4 10. Nfd2 c6 11. Bb3 Kh8 12. c4 f5 13. Nc3 Nf7 14.
Qc2 Nf6 15. a4 a5 16. Rae1 Be6 17. f3 d5 18. cxd5 cxd5 19. Nb5 Rfc8 20. Qd1 Nd8 21. fxe4 dxe4 22. Bxe6 Nxe6 23. Qb3 Rd8 24. Nc4 Nd5 25. Ne5 Rac8 26. Rc1 Bh6 27. Rxc8 Rxc8 28. Qxd5 Bxe3+ 29. Kh1 Kg7 30. Nc4 Bg5 31. Be5+ Kh6 32. Nbd6 Rd8 33. Qxb7 Qxb7 34. Nxb7 Rd5 35. Nbxa5 Nxd4 36. b4 e3 37. Bxd4 Rxd4 38. Re1 f4 39. g3 f3 40. Nxe3 f2 41.
Nf5+ gxf5 42. Rf1 Be3 43. Nc6 Rc4 44. b5 Rxa4 45. Kg2 Ra3 46. Ne7 Kg5 47. Nd5 Bd4 48.
Nf4 Kf6 49. b6 Rb3 50. Nd5+ Ke5 51. Nf4 Bxb6 52. h4 Ke4 53. Nh3 Bc7 54. Nxf2+ Kd5 55. Nh1 Ke6 56. Rf3 Rb2+ 57. Rf2 Rb3 58. Rf3 Rb1 59.
Rf1 Rb2+ 60. Rf2 Rb3 61. Rf3 1/2-1/2

[Event "Early-Titled-Tuesday-Blitz-April-23-2024"]
[Site "Chess.com"]
[Date "2024.04.23"]
[Round "4"]
[White "kiwibobo"]
[Black "kecalk"]
[Result "0-1"]
[WhiteElo "2306"]
[BlackElo "2524"]
[TimeControl "180+1"]
[EndTime "8:41:38 PDT"]
[Termination "kecalk won by resignation"]

1. e4 c6 2. d4 d5 3. Nc3 dxe4 4. Nxe4 Nd7 5. Ng5 h6 6. Ne6 Qb6 7. Nxf8 Nxf8 8. Nf3 Bf5 9. Bd3 Bxd3 10. Qxd3 Nf6 11. O-O e6 12. Ne5 N8d7 13. Re1 O-O 14. Qg3 Kh7 15.
c3 Nxe5 16. dxe5 Nd5 17. c4 Ne7 18. b3 Nf5 19. Qf3 Kg8 20. Bb2 Rfd8 21. Red1 c5 22. Rxd8+ Rxd8 23. Rd1 Nd4 24. Bxd4 cxd4 25. Qe4 a5 26. g3 Rd7 27. Kg2 Qc5 28. Rd2 g6 29. a3 a4 30. bxa4 Qxc4 31. Rc2 Qd5 32. Kf3 d3 33. Qxd5 Rxd5 34. Rd2 Rxe5 35. Rxd3 Ra5 36. Rd4 Kg7 37. Rb4 Ra7 38. Ke4 Kf6 39. Kd4 Ra5 40. h4 Rd5+ 41. Ke4 Rd2 42. Kf3 Rd7 43. Ke4 Ke7 44. a5 f6 45. Rb6 f5+ 46. Kf3 Kf6 47. a6 bxa6 48. Rxa6 Rd3+ 49. Kg2 Rb3 50. Ra8 g5 51.
hxg5+ hxg5 52. a4 Ra3 53. a5 Ke5 54. a6 f4 55. a7 f3+ 56. Kh2 g4 57. Rg8 Rxa7 58.
Rxg4 Ra2 59. Rg5+ Ke4 60. Rg6 Rxf2+ 61. Kh3 e5 62. Kg4 Ke3 63. Re6 e4 64. Ra6 Rd2 65.
Ra3+ Rd3 66. Ra1 f2 67. Kh3 Ke2 68. Kg2 e3 69. g4 Rd1 70. Rxd1 Kxd1 71. g5 e2 72. g6 f1=Q+ 0-1

[Event "Early-Titled-Tuesday-Blitz-April-23-2024"]
[Site "Chess.com"]
[Date "2024.04.23"]
[Round "4"]
[White "chesslh93"]
[Black "SpongeBob_03"]
[Result "1-0"]
[WhiteElo "2387"]
[BlackElo "2261"]
[TimeControl "180+1"]
[EndTime "8:41:44 PDT"]
[Termination "chesslh93 won by resignation"]

1. e4 c5 2. Nf3 e6 3. d4 cxd4 4. Nxd4 Nf6 5. Nc3 Nc6 6. Ndb5 Bb4 7. a3 Bxc3+ 8. Nxc3 d5 9. exd5 exd5 10. Bd3 d4 11. Ne2 Bg4 12. O-O O-O 13. Bg5 h6 14. Bh4 Re8 15. f3 Bh5 16. Bf2 Qd5 17. Nf4 Qg5 18. Nxh5 Nxh5 19. Kh1 Nf4 20. Bg3 Nd5 21. Re1 Ne3 22. Qe2 f5 23. f4 Qg6 24.
Qf3 Kh8 25. Bf2 Ng4 26. Bg1 Qh5 27. h3 Qh4 28. Rf1 Ne3 29. Rfe1 Ng4 30. Re2 Ne3 31. Bxe3 dxe3 32. Rxe3 Rxe3 33. Qxe3 Rf8 34. Qe1 Qf6 35. c3 Ne7 36. Qe5 Ng6 37. Qxf6 Rxf6 38. Re1 Nxf4 39. Bc4 Kh7 40. Re7 Rb6 41. b4 Ng6 42. Rc7 Ne5 43. Bb3 Kg6 44. c4 Rc6 45. Rxb7 a6 46. b5 axb5 47.
cxb5 Rc1+ 48. Kh2 Rb1 49. Bd5 Rb2 50. a4 Kg5 51. a5 g6 52. a6 f4 53. a7 f3 54. Bxf3 Nxf3+ 55. Kg3 Ra2 56. Kxf3 Kh4 57.
b6 g5 58. Rb8 h5 59. a8=Q g4+ 60. hxg4 hxg4+ 61. Ke4 Re2+ 62. Kd3 Rd2+ 63. Kxd2 Kg3 64. Rg8 Kh2 65. Rxg4 Kg1 66. Rg8 1-0

[Event "Early-Titled-Tuesday-Blitz-April-23-2024"]
[Site "Chess.com"]
[Date "2024.04.23"]
[Round "4"]
[White "hakanazeri2"]
[Black "ashookk"]
[Result "1/2-1/2"]
[WhiteElo "2536"]
[BlackElo "2342"]
[TimeControl "180+1"]
[EndTime "8:41:48 PDT"]
[Termination "Game drawn - insufficient material"]

1. c4 Nf6 2. Nc3 g6 3. e4 d6 4. d4 Bg7 5. Be2 O-O 6. Nf3 c5 7. O-O cxd4 8. Nxd4 Nc6 9. Be3 Nxd4 10. Bxd4 Be6 11.
f3 Qa5 12. Qd2 Rfc8 13. b3 a6 14. Rfd1 Nd7 15. Nd5 Bxd4+ 16. Qxd4 Bxd5 17. exd5 Qc5 18. Bf1 Ne5 19. f4 Ng4 20. Qxc5 Rxc5 21. Re1 Kf8 22. h3 Nf6 23. b4 Rc7 24. a4 a5 25. Reb1 Ne4 26. Bd3 Nf6 27. bxa5 Rxa5 28. Rb5 Ra7 29. a5 Nd7 30. Rab1 Nc5 31. Be2 Rc8 32. Ra1 Rca8 33. Ra3 Ra6 34. Kf2 b6 35. Ke3 Rxa5 36. Raxa5 bxa5 37.
Rb1 a4 38. Ra1 a3 39. Bd1 a2 40. Kd2 h5 41. Kc3 Ra3+ 42. Kb2 Rg3 43. Bf3 Nd3+ 44. Kc3 Nxf4 45. Rxa2 g5 46. Kd4 g4 47. hxg4 hxg4 48. Be4 Kg7 49. c5 dxc5+ 50. Kxc5 Ng6 51. Kd4 f6 52. Ra7 Ne5 53. Rxe7+ Kh6 54. Re6 Kg5 55. d6 Ra3 56. Kc5 Ra5+ 57. Kb6 Ra1 58. Kc7 Rd1 59. Kd8 Rd4 60. Bb7 f5 61. Rxe5 Rxd6+ 62. Ke7 Rd2 63. Bc8 Rf2 64. g3 Rf3 65. Ke6 Rxg3 66. Rxf5+ Kh4 67. Ke5 Re3+ 68. Kd4 Rf3 69. Re5 Kg3 70.
Rg5 Rf4+ 71. Ke3 Rf3+ 72. Ke2 Rf4 73. Rg8 Ra4 74. Ke3 Ra3+ 75. Ke4 Ra4+ 76. Ke5 Rb4 77. Bf5 Rb5+ 78. Kf6 Rb4 79. Kg5 Kf3 80. Kh4 g3+ 81.
Kh3 g2 82. Rxg2 Rh4+ 83. Kxh4 Kxg2 1/2-1/2